 Dungeon Crawl Stone Soup version 0.25-a0-87-ga3d287b (webtiles) character file.

Game seed: 7694178996516763107, levelgen mode: deterministic

835 BoppinsLewinski the Cudgeler (level 8, 0/58 HPs)
             Began as a Human Fighter on Nov 11, 2019.
             Was a Follower of Wu Jian.
             Slain by a howler monkey (3 damage)
             ... on level 5 of the Dungeon.
             The game lasted 00:10:34 (3505 turns).

BoppinsLewinski the Cudgeler (Human Fighter)        Turns: 3505, Time: 00:10:34

Health: 0/58       AC:  4    Str: 18    XL:     8   Next: 19%
Magic:  8/8        EV:  5    Int:  8    God:    Wu Jian [*.....]
Gold:   192        SH:  9    Dex: 14    Spells: 7/7 levels left

rFire    . . .     SeeInvis .   d - +2 whip (elec)
rCold    . . .     Gourm    .   k - +0 shield
rNeg     . . .     Faith    .   v - +0 chain mail
rPois    .         Spirit   .   r - +0 helmet
rElec    .         Reflect  .   w - +0 cloak
rCorr    .         Harm     .   x - +0 pair of gloves
MR       .....                  (no boots)
Stlth    ..........             (no amulet)
HPRegen  0.19/turn              (no ring)
MPRegen  0.11/turn              (no ring)

@: corroded
A: no striking features
a: Renounce Religion


You were on level 5 of the Dungeon.
You worshipped Wu Jian.
Wu Jian was aware of your devotion.
You were hungry.

You visited 1 branch of the dungeon, and saw 5 of its levels.

You collected 192 gold pieces.

Inventory:

Hand Weapons
 d - a +2 whip of electrocution (weapon)
Armour
 k - a +0 shield (worn)
 r - a +0 helmet (worn)
 v - a +0 chain mail (worn)
 w - a +0 cloak (worn)
 x - a +0 pair of gloves (worn)
Jewellery
 e - an uncursed ring of wizardry {unknown}
Wands
 q - a wand of digging (2)
Scrolls
 a - a scroll of enchant armour
 y - a scroll of random uselessness
Potions
 c - 3 potions of flight
 g - a potion of mutation {unknown}
 n - 2 potions of heal wounds {unknown}
 o - a potion of brilliance {unknown}
 s - a potion of haste {unknown}
 t - a potion of magic {unknown}
 B - a potion of cancellation {unknown}
Comestibles
 f - 10 rations


   Skills:
 - Level 3.3 Fighting
 * Level 7.5 Maces & Flails
   Level 3.1 Polearms
 - Level 0.8 Throwing
 - Level 3.3 Armour
 - Level 1.4 Dodging
 - Level 3.2 Shields


You had 7 spell levels left.
You didn't know any spells.
Your spell library was empty.

Dungeon Overview and Level Annotations

Branches:
Dungeon (5/15)             Temple (0/1) D:5

Altars:
Ashenzari
Cheibriados
Dithmenos
Fedhas
Hepliaklqana
Kikubaaqudgha
Makhleb
Ru
Sif Muna
Wu Jian


Message History

Yer shield an' chain mail prevent ye from hittin' tha worker ant.
Tha howler monkey completely misses ye.
Ye block tha jelly's attack.
Tha worker ant bites ye but does nay damage.
Unknown command.
Ye spin an' attack tha jelly.
Ye hit tha jelly.
Lightnin' courses through tha jelly!!
Ye kill tha jelly!
Tha Council accepts yer kill.
Unknown command.
Tha howler monkey hits ye.
* * * LOW HITPOINT WARNIN'
* * * Ye block tha worker ant's attack.
Unknown command.
Tha howler monkey hits ye.
* * * LOW HITPOINT WARNIN'
* * * Tha worker ant bites ye.
* * * LOW HITPOINT WARNIN'
* * * Unknown command.
Tha howler monkey hits ye.
Ye die...

...a..#.##.#..###. .....
#h##.#..##.. ####
#.##.#$.##≈.
#.##.(?.....
###.##.#..###. #
#......#. #.
...########.#.#..#. #.
#.......a......(.... #.
#......@h........#.## #.
...########........####.
####.###..§§.. .#
#.####. .###. #.
....####. #.......
.##..... #. #...#.


You could see a howler monkey and a worker ant.

Vanquished Creatures
  A sky beast (D:5)
  A phantom (D:5)
  2 ogres
  A bullfrog (D:3)
  A jelly (D:5)
  2 hounds (D:4)
  An orc wizard (D:3)
  A centaur skeleton (D:4)
  An iguana (D:4)
  A worker ant (D:5)
  2 hound skeletons
  Robin (D:2)
  4 gnolls (D:2)
  6 adders
  A shadow imp (D:5)
  A worm (D:2)
  A dart slug (D:1)
  2 leopard geckos (D:2)
  8 orcs
  5 bats
  6 giant cockroaches
  16 goblins
  5 hobgoblins
  7 jackals
  2 quokkas (D:3)
  2 ball pythons
  7 frilled lizards
  A giant cockroach zombie (D:5)
  A jackal zombie (D:4)
  4 kobolds
  4 rats
98 creatures vanquished.

Notes
Turn   | Place    | Note
-------+----------+-------------------------------------------
     0 | D:1      | BoppinsLewinski the Human Fighter began the quest for the
                  | Orb.
     0 | D:1      | Reached XP level 1. HP: 18/18 MP: 1/1
   105 | D:1      | Reached XP level 2. HP: 24/24 MP: 2/2
   428 | D:1      | Reached XP level 3. HP: 20/29 MP: 3/3
   661 | D:2      | Found a faded altar of an unknown god.
   745 | D:2      | Reached skill level 1 in Dodging
  1215 | D:2      | Reached XP level 4. HP: 28/35 MP: 4/4
  1823 | D:2      | Reached skill level 1 in Maces & Flails
  1823 | D:2      | Reached XP level 5. HP: 40/41 MP: 5/5
  1860 | D:3      | Noticed Robin
  1899 | D:2      | Killed Robin
  1899 | D:2      | Reached skill level 2 in Maces & Flails
  2000 | D:3      | Noticed a bullfrog
  2008 | D:3      | Killed a bullfrog
  2008 | D:3      | Reached skill level 3 in Maces & Flails
  2008 | D:3      | Reached XP level 6. HP: 46/47 MP: 6/6
  2246 | D:3      | Found a shadowy altar of Dithmenos.
  2246 | D:3      | Found a shimmering blue altar of Sif Muna.
  2246 | D:3      | Found a burning altar of Makhleb.
  2246 | D:3      | Found a blossoming altar of Fedhas.
  2253 | D:3      | Found a shattered altar of Ashenzari.
  2256 | D:3      | Found an ancient bone altar of Kikubaaqudgha.
  2529 | D:3      | Reached skill level 4 in Maces & Flails
  2719 | D:4      | Found an ornate altar of the Wu Jian Council.
  2723 | D:4      | Became a worshipper of the Wu Jian Council
  2732 | D:4      | Found a snail-covered altar of Cheibriados.
  2937 | D:4      | Noticed an ogre
  2942 | D:4      | Killed an ogre
  2942 | D:4      | Reached skill level 5 in Maces & Flails
  2942 | D:4      | Reached XP level 7. HP: 52/52 MP: 7/7
  3263 | D:5      | Entered Level 5 of the Dungeon
  3296 | D:5      | Reached skill level 6 in Maces & Flails
  3297 | D:5      | Reached * piety under Wu Jian
  3353 | D:5      | Found a sacrificial altar of Ru.
  3397 | D:5      | Reached XP level 8. HP: 20/58 MP: 8/8
  3399 | D:5      | Found a hazy altar of Hepliaklqana.
  3430 | D:5      | Reached skill level 7 in Maces & Flails
  3484 | D:5      | Found a staircase to the Ecumenical Temple.
  3505 | D:5      | Slain by a howler monkey

Levels and vault maps discovered:
D:1:      minmay_arrival_radiant_lines, layout_basic
D:2:      layout_loops_ring, chequers_ecumenical_altar_island,
          hangedman_decor_clover_reticule
D:3:      layout_basic, minmay_overflow_temple_hex, minmay_pentangle, uniq_robin
D:4:      layout_basic, amethyst_overflow_temple_binary, first_ration
D:5:      layout_loops_ring, nicolae_ru_sacrificial_ziggurat,
          dancing_weapons_uskayaw, temple_green, basic_altar,
          portal_sewer_entry_e, serial_shops, shop_fountains,
          gup_ossuary_entry_pyramid

Skill      XL: |  1  2  3  4  5  6  7  8 |
---------------+-------------------------+-----
Dodging        | 1 |  1.4
Polearms       | 3 |  3.1
Maces & Flails | 1 3 5 6 7 |  7.5
Fighting       | |  3.3
Throwing       | |  0.8
Armour         | |  3.3
Shields        | |  3.2

Action                   |  1- 3 |  4- 6 |  7- 9 || total
-------------------------+-------+-------+-------++-------
Melee: Trident           |   100 |    27 |       ||   127
       Whip              |       |   162 |   100 ||   262
Invok: Lunge             |       |     5 |     5 ||    10
       Whirlwind         |       |       |     1 ||     1
Evoke: Wand              |       |     4 |     2 ||     6
  Use: Potion            |       |     1 |     3 ||     4
       Scroll            |       |       |    10 ||    10
 Stab: Paralysed         |       |     6 |     2 ||     8
  Eat: Chunk             |       |     7 |     1 ||     8
Armor: Scale mail        |    37 |    37 |       ||    74
       Chain mail        |       |    32 |    55 ||    87
Dodge: Dodged            |    33 |    40 |    17 ||    90
Block: Shield            |    13 |    74 |    35 ||   122

Table legend:
 A = Non-vault XP
 B = Vault XP
 C = Vault XP percentage of total XP
 D = Non-vault monster count
 E = Vault monster count
 F = Vault count percentage of total count
                 A         B        C        D         E       F
            +---------+---------+-------+---------+---------+-------
      Total |    1124 |      70 |   5.9 |      75 |      23 |  23.5
            +---------+---------+-------+---------+---------+-------
        D:1 |      33 |       0 |   0.0 |      18 |       0 |   0.0
        D:2 |     116 |      29 |  20.0 |      17 |       8 |  32.0
        D:3 |     146 |      41 |  21.9 |       9 |      15 |  62.5
        D:4 |     327 |       0 |   0.0 |      20 |       0 |   0.0
        D:5 |     502 |       0 |   0.0 |      11 |       0 |   0.0
            +---------+---------+-------+---------+---------+-------
